 Dungeon Sprint DCSS version bcrawl-1.28.1b (webtiles) character file.

Game seed: 5373026961816327132

344339 Kobol5 the Gusty (level 4, -4/40 HPs)
             Began as a Fairy Air Elementalist on Dec 2, 2020.
             Slain by an iguana (11 damage)
             ... in the Dungeon (Sprint IX: "|||||||||||||||||||||||||||||").
             The game lasted 00:00:24 (128 turns).

Kobol5 the Gusty (Fairy Air Elementalist)            Turns: 128, Time: 00:00:25

Health: -4/40      AC:  4    Str: 11    XL:     4   Next: 62%
Magic:  9/13       EV: 18    Int: 19    God:
Gold:   0          SH:  4    Dex: 13    Spells: 12/13 levels left

rFire    . . .     SeeInvis .     - Fists (3.1)
rCold    . . .     Gourm    .   (shield restricted)
rNeg     . . .     Faith    .   (armour unavailable)
rPois    .         Spirit   .   (no helmet)
rElec    .         Reflect  .   (no cloak)
rCorr    .         Harm     .   (no gloves)
MR       .....     NoTele   +   (no boots)
Stlth    ..........             (no amulet)
HPRegen  0.13/turn              (no ring)
MPRegen  0.13/turn              (no ring)

@: berserking (expiring), flying evasively, very quick
A: small, magic attunement, unstealthy, unfitting armour, able to fly, AC/SH +4
a: Stop Flying


You were in the Dungeon.
You were not hungry.

You visited 1 branch

Inventory:

Scrolls
 i - a scroll of blinking
Potions
 b - a potion of flight
 c - a potion of heal wounds
 d - a potion of curing
 f - a potion of haste
 g - 2 potions of magic
Comestibles
 a - 2 chunks of flesh
 e - a ration {!d}


   Skills:
 + Level 4.9 Dodging
 - Level 1.5 Stealth
 + Level 5.1 Spellcasting
 * Level 5.0 Conjurations
 + Level 7.9 Air Magic


You had 12 spell levels left.
You knew the following spells:

 Your Spells              Type           Power        Failure   Level  Hunger
a - Shock                 Conj/Air       ####.        1%          1    None

Your spell library contained the following spells:

 Spells                   Type           Power        Failure   Level  Hunger
 Static Discharge         Air            #####...     1%          3    None
 Swiftness                Chrm/Air       ###.....     3%          2    None
 Airstrike                Air            #####.....   4%          4    None
 Lightning Bolt           Conj/Air       ####......   24%         5    None


Dungeon Overview and Level Annotations

Branches:
Dungeon (1/1)

Altars:


Innate Abilities, Weirdness & Mutations

Your spells do not cause hunger and MP costs are reduced by 1.
Your bright wings attract enemies. (Stealth-)
You cannot fit into any form of body armour.
Your shimmering scales are hard and can block incoming attacks. (AC +4, SH +4)
You are small and have problems with some larger weapons.
You can fly continuously.


Message History

Your Dodging skill increases to level 4!
Your Spellcasting skill gained 2 levels and is now at level 5!
Your Conjurations skill gained 3 levels and is now at level 5!
Your Air Magic skill gained 3 levels and is now at level 7!
You have reached level 3!
Your experience leads to an increase in your attributes!
Your base attributes are Str 6, Int 18, Dex 12.
Increase (S)trength, (I)ntelligence, or (D)exterity?
You feel clever.
Your scales feel stronger.
You have reached level 4!
You feel agile.
You hit the iguana.
The iguana is moderately wounded.
You block the iguana's attack.
You closely miss the iguana.
The iguana is moderately wounded.
You hit the iguana.
The iguana is heavily wounded.
The iguana bites you!
You die...

▓.▓
▓.▓
▓.▓
▓Z▓
▓.▓
▓s▓
▓a▓
▓l▓
▓@▓
▓)▓
▓.▓
▓'▓
▓.▓
▓.▓
▓.▓
▓<▓
▓▓▓


You could see a scorpion, an iguana, a worker ant and a giant cockroach zombie.

Vanquished Creatures
  An ogre (D)
  A dart slug (D)
  A leopard gecko (D)
  A hobgoblin (D)
  A jackal (D)
  A bat (D)
6 creatures vanquished.

Notes
Turn   | Place    | Note
-------+----------+-------------------------------------------
     0 | D        | Kobol5 the Fairy Air Elementalist began the quest for the
                  | Orb.
     0 | D        | Reached XP level 1. HP: 11/11 MP: 6/6
     6 | D        | Reached skill level 4 in Air Magic
     8 | D        | Reached XP level 2. HP: 17/17 MP: 8/8
   116 | D        | Noticed a scorpion
   116 | D        | Noticed an ogre
   125 | D        | Killed an ogre
   126 | D        | Reached skill level 5 in Spellcasting
   126 | D        | Reached skill level 5 in Conjurations
   126 | D        | Reached skill level 7 in Air Magic
   126 | D        | Reached XP level 3. HP: 5/21 MP: 8/11
   126 | D        | Reached XP level 4. HP: 7/27 MP: 9/13
   128 | D        | Slain by an iguana

Skill      XL: |  1  2 |
---------------+-------+-----
Dodging        | 3 4 |  4.9
Spellcasting   | 3 5 |  5.1
Conjurations   | 2 5 |  5.0
Air Magic      | 4 7 |  7.9
Stealth        | |  1.5

Action                   |  1- 3 |  4- 6 || total
-------------------------+-------+-------++-------
Melee: Unarmed           |     5 |     3 ||     8
 Cast: Shock             |     5 |       ||     5
  Use: Potion            |     1 |       ||     1
Dodge: Dodged            |     4 |       ||     4
Block: Other             |       |     1 ||     1
